 Dungeon Crawl Stone Soup version 0.29.0-13-gc9e81de378 (webtiles) character file.

Game seed: 1269274535520870778

4427 Ofeo the Destroyer (level 10, -6/88 HPs)
             Began as a Meteoran Conjurer on Sept 9, 2022.
             Was a Believer of Ashenzari.
             Mangled by Sonja
             ... wielding a +4 short sword of distortion
              (7 damage)
             ... on level 2 of the Lair of Beasts.
             The game lasted 00:23:21 (1906 turns).

Ofeo the Destroyer (Meteoran Conjurer)              Turns: 1906, Time: 00:23:22

Health: -6/88      AC:  5    Str:  9    XL:     10   Next: 93%
Magic:  24/24      EV: 14    Int: 25    God:    Ashenzari [**....]
Gold:   101        SH:  4    Dex: 12    Spells: 11/28 levels left

rFire   . . .      SeeInvis +   j - +1 dagger of the Prescient Seer {elec, Melee, Evo} (curse)
rCold   . . .      Faith    .   o - +0 buckler of Ouranomancy {Melee, Alch} (curse)
rNeg    . . .      Spirit   .   n - +0 troll leather armour
rPois   .          Reflect  .   e - +0 helmet of Ashenzari's Moon {Self, Cun} (curse)
rElec   .          Harm     .   (no cloak)
rCorr   .          Rampage  .   (no gloves)
Will    +....                   (no boots)
Stlth   +.........              (no amulet)
HPRegen 1.04/turn               (no ring)
MPRegen 0.19/turn               (no ring)

@: glowing
A: sense surroundings 2, otherworldly, glowing, explore regen
a: Renounce Religion, Curse Item, Shatter the Chains


You were on level 2 of the Lair of Beasts.
You worshipped Ashenzari.
Ashenzari was pleased with you.
You visited 3 branches of the dungeon, and saw 13 of its levels.
You also visited: Bailey.

You collected 101 gold pieces.

Inventory:

Hand Weapons
 j - the cursed +1 dagger of the Prescient Seer (weapon) {elec, Melee, Evo}
   (You found it on level 6 of the Dungeon)

   It occasionally discharges a powerful burst of electricity upon striking a
   foe.
   It has a curse which improves the following skills: Melee Combat: Short
   Blades, Long Blades, Axes, Maces & Flails, Polearms, Staves and Unarmed
   Combat.
   Evocations: Evocations.
Armour
 a - a +0 robe
 e - the cursed +0 helmet of Ashenzari's Moon (worn) {Self, Cun}
   (You found it on level 2 of the Dungeon)

   It has a curse which improves the following skills: Introspection: Fighting
   and Spellcasting.
   Cunning:   Dodging and Stealth.
 n - a +0 troll leather armour (worn)
 o - the cursed +0 buckler of Ouranomancy (worn) {Melee, Alch}
   (You found it on level 9 of the Dungeon)

   It has a curse which improves the following skills: Melee Combat: Short
   Blades, Long Blades, Axes, Maces & Flails, Polearms, Staves and Unarmed
   Combat.
   Alchemy:   Poison Magic and Transmutations.
Jewellery
 t - a ring of poison resistance
Wands
 b - a wand of iceblast (15) {@v4}
 k - a wand of paralysis (7)
 m - a wand of mindburst (4)
Scrolls
 c - a scroll of enchant weapon
 f - 2 scrolls of poison
 g - a scroll of brand weapon
 l - a scroll of magic mapping
 p - a scroll of enchant armour
 r - a scroll of teleportation {@r3}
Potions
 d - 2 potions of might {@q4}
 h - a potion of haste {@q3}
 q - 5 potions of curing {@q1}
 s - a potion of magic
Miscellaneous
 i - a tin of tremorstones (2/2)


   Skills:
 + Level 6.4(7.6) Fighting
 + Level 8.6(9.9) Dodging
 - Level 3.0(4.1) Stealth
 + Level 3.7 Shields
 + Level 8.6(9.8) Spellcasting
 + Level 9.6 Conjurations
 - Level 3.0 Hexes
 - Level 4.0 Translocations


You had 11 spell levels left.
You knew the following spells:

 Your Spells              Type           Power      Damage    Failure   Level
a - Magic Dart            Conj           100%       1d8       1%          1
b - Searing Ray           Conj           100%       2d8       1%          2
c - Dazzling Flash        Conj/Hex       86%        N/A       1%          3
d - Fulminant Prism       Conj/Hex       21%        3d13      7%          4
e - Iskenderun's Mystic   Conj/Tloc      46%        2d10      5%          4
f - Teleport Other        Tloc           32%        N/A       5%          3

Your spell library contained the following spells:

 Spells                   Type           Power      Damage    Failure   Level
 Static Discharge         Conj/Air       36%        3-8/arc   1%          2
 Gell's Gravitas          Tloc           32%        N/A       5%          3
 Lesser Beckoning         Tloc           32%        N/A       5%          3
 Sting                    Tmut/Pois      52%        1d5       9%          1
 Poisonous Vapours        Pois/Air       24%        N/A       14%         2
 Lightning Bolt           Conj/Air       18%        1d32      34%         5
 Olgreb's Toxic Radiance  Pois           13%        N/A       65%         4
 Maxwell's Capacitive Co  Air            6%         ∞         100%        8


Dungeon Overview and Level Annotations

Branches:
Dungeon (10/15) Zot: 4598  Temple (1/1) D:5 Zot: 571    Lair (2/5) D:9 Zot: 867
 Bailey (visited)
  Swamp: Lair:2-3    Shoals: Lair:2-3     Snake: Lair:2-3    Spider: Lair:2-3
    Orc: D:9-12

Altars:
Ashenzari
Cheibriados
Elyvilon
Fedhas
Gozag
Hepliaklqana
Makhleb
Nemelex Xobeh
Okawaru
Ru
Sif Muna
Trog
Uskayaw
Wu Jian
Xom
Zin

Shops:
D:4 *

Annotations:
D:1 1 transporter
Lair:2 Sonja


Innate Abilities, Weirdness & Mutations

You passively map the area around you.
You are easily found by Zot.
You glow in the dark.
You regain HP and MP as you explore.


Message History

You regained 2 mp, and now have 17/24 mp.
You regained 6 hp, and now have 81/88 hp.
You regained 5 hp, and now have 86/88 hp.
You regained 3 mp, and now have 21/24 mp.
Health restored: 88 MP restored: 24
Found a scroll of teleportation.
Found a wand of iceblast (6).
r - a scroll of teleportation {@r3}
b - a wand of iceblast (15) {@v4} (gained 6 charges)
Found 6 stones.
Found a potion of magic.
Found 18 gold pieces.
s - a potion of magic You now have 101 gold pieces (gained 18).
Found a ring of poison resistance.
t - a ring of poison resistance
Found a +0 rapier.
Found 18 gold pieces.
Unknown command.
Unknown command.
Unknown command.
There is a stone staircase leading down here.
You climb downwards.
Level annotation: Sonja The basilisk hisses angrily.
The komodo dragon hisses angrily.
The black mamba closely misses you. The bullfrog closely misses you.
The komodo dragon bites you!!
Sonja hits you with a +4 short sword of distortion. x2
Space warps around you.
Sonja hits you with a +4 short sword of distortion!
Space warps horribly around you! The black mamba bites you!!
* * * LOW HITPOINT WARNING * * *
The bullfrog hits you.
* * * LOW HITPOINT WARNING * * *
You block the cane toad's attack. The komodo dragon bites you!
* * * LOW HITPOINT WARNING * * *
Sonja misses you.
Sonja hits you with a +4 short sword of distortion!
You die...

, , , ,, , , * , ,
.........#..$..,,, , ,
..........#....,,, , ,,
,, .....#.l....... ,,, ,
, ....P.......... , ,,,
,........................
, ,
........................
, , ,,
....>.S.F...............
,
......l@K...............
,,
......F.................
,,,,,,
.......................)
,........................
, ,
....H............<..#,,,
, ,
..l......#..............
,
........##..............
,, ,
........P,....F.........
, , , ,..............


You could see a manticore, 2 komodo dragons, a black mamba, 2 cane toads, a
basilisk, Sonja and a bullfrog.

Vanquished Creatures
  A cane toad (Lair:1)
  A kobold demonologist (D:9)
  A komodo dragon (Lair:2)
  A rime drake (Lair:1)
  2 trolls (D:9)
  Grinder (D:4)
  4 yaks (Lair:1)
  A basilisk (Lair:1)
  An acid dragon (D:9)
  Menkaure (D:7)
  An ice beast (D:5)
  3 orc warriors (Bailey)
  A phantom (D:7)
  A centaur (D:9)
  A wolf (D:9)
  3 bullfrogs
  A scorpion (D:5)
  8 electric eels
  2 jellies
  8 hounds
  A gnoll bouda (D:9)
  3 iguanas
  3 orc wizards
  6 gnolls
  5 adders
  A shadow imp (D:7)
  A white imp (D:6)
  3 worms
  22 orcs
  An endoplasm (D:4)
  2 giant cockroaches
  15 goblins
  8 hobgoblins
  2 quokkas
  A ball python (D:4)
  A bat (D:2)
  A frilled lizard (D:1)
  4 kobolds (D:2)
  2 fulminant prisms (D:9)
125 creatures vanquished.

Vanquished Creatures (others)
  29 fulminant prisms
  6 plants
35 creatures vanquished.

Grand Total: 160 creatures vanquished

Notes
Turn   | Place    | Note
-------+----------+-------------------------------------------
     0 | D:1      | Ofeo the Meteoran Conjurer began the quest for the Orb.
     0 | D:1      | Reached XP level 1. HP: 14/14 MP: 5/5
    31 | D:2      | Found a faded altar of an unknown god.
    44 | D:2      | Reached XP level 2. HP: 20/20 MP: 2/6
    47 | D:2      | Learned a level 2 spell: Searing Ray
    84 | D:2      | Reached skill level 5 in Conjurations
   107 | D:2      | Reached XP level 3. HP: 15/26 MP: 3/8
   179 | D:2      | You fall into a shaft and drop 2 floors!
   211 | D:4      | Reached XP level 4. HP: 24/33 MP: 2/10
   227 | D:4      | Noticed Grinder
   254 | D:4      | Killed Grinder
   255 | D:4      | Reached skill level 6 in Conjurations
   255 | D:4      | Reached XP level 5. HP: 14/38 MP: 0/12
   255 | D:4      | Reached XP level 6. HP: 17/45 MP: 0/13
   298 | D:4      | Found Zeon's General Store.
   325 | D:5      | Entered Level 5 of the Dungeon
   389 | D:5      | Reached XP level 7. HP: 44/50 MP: 8/14
   396 | D:5      | Found a staircase to the Ecumenical Temple.
   406 | Temple   | Entered the Ecumenical Temple
   425 | Temple   | Became a worshipper of Ashenzari the Shackled
   494 | D:5      | Reached skill level 1 in Fighting
   498 | D:5      | Learned a level 3 spell: Dazzling Flash
   503 | D:5      | Learned a level 4 spell: Fulminant Prism
   508 | D:5      | Learned a level 4 spell: Iskenderun's Mystic Blast
   522 | D:6      | Reached skill level 5 in Spellcasting
   537 | D:5      | Reached skill level 5 in Dodging
   537 | D:5      | Reached skill level 1 in Hexes
   537 | D:5      | Reached skill level 1 in Translocations
   703 | D:6      | Reached XP level 8. HP: 59/59 MP: 11/16
   824 | D:6      | Found a shimmering altar of Xom.
   824 | D:6      | Found a glowing silver altar of Zin.
   824 | D:6      | Noticed an angel
   856 | D:7      | Noticed Menkaure
   875 | D:7      | Killed Menkaure
   877 | D:7      | Found a hazy altar of Hepliaklqana.
   972 | D:8      | Reached skill level 7 in Conjurations
  1050 | D:9      | Reached * piety under Ashenzari
  1068 | D:10     | Entered Level 10 of the Dungeon
  1100 | D:9      | Gained mutation: You passively map the area around you.
                  | [Meteoran growth]
  1100 | D:9      | Reached XP level 9. HP: 65/71 MP: 7/20
  1120 | D:9      | Noticed a troll
  1125 | D:9      | Killed a troll
  1130 | D:9      | Noticed a kobold demonologist
  1157 | D:9      | Found a staircase to the Lair.
  1163 | D:9      | Noticed a red devil
  1164 | D:9      | Noticed a rust devil
  1165 | D:9      | Noticed a two-headed ogre
  1252 | D:9      | Found a flagged portal.
  1265 | Bailey   | Entered a bailey
  1270 | Bailey   | Learned a level 3 spell: Teleport Other
  1291 | Bailey   | Reached skill level 8 in Conjurations
  1394 | Bailey   | Noticed an orc warlord
  1452 | D:9      | Noticed a troll
  1456 | D:9      | Killed a troll
  1457 | D:9      | Reached XP level 10. HP: 83/83 MP: 14/23
  1491 | D:9      | Noticed a rust devil
  1494 | D:9      | Noticed an orange demon
  1499 | D:9      | Killed a kobold demonologist
  1500 | D:9      | Reached skill level 5 in Fighting
  1507 | D:9      | Found a blossoming altar of Fedhas.
  1581 | Lair:1   | Entered Level 1 of the Lair of Beasts
  1596 | Lair:1   | Noticed a cane toad
  1598 | Lair:1   | Reached ** piety under Ashenzari
  1610 | Lair:2   | Noticed a five-headed hydra
  1638 | Lair:1   | Noticed a rime drake
  1646 | Lair:1   | Killed a rime drake
  1647 | Lair:1   | Reached skill level 1 in Shields
  1652 | Lair:1   | Killed a cane toad
  1653 | Lair:1   | Reached skill level 9 in Conjurations
  1750 | Lair:2   | Noticed a komodo dragon
  1754 | Lair:2   | Noticed a cane toad
  1754 | Lair:2   | Killed a komodo dragon
  1755 | Lair:2   | Noticed Sonja
  1760 | Lair:2   | Noticed a cane toad
  1762 | Lair:2   | Noticed a black mamba
  1762 | Lair:2   | Noticed a manticore
  1762 | Lair:2   | Noticed a komodo dragon
  1906 | Lair:2   | Noticed a komodo dragon
  1906 | Lair:2   | HP: 1/88 [komodo dragon (16)]
  1906 | Lair:2   | Mangled by Sonja

Illustrated notes

Levels and vault maps discovered:
D:1:      spicycebolla_arrival_risky_transporter, layout_rooms, serial_shops,
          nicolae_shop_statue_plus
D:2:      layout_rooms, nicolae_ecumenical_pavilion
D:3:      layout_basic, amcnicky_altar_gilded, grunt_temple_overflow_diamond,
          minmay_misc_feat_four_crosses, uniq_terence, uniq_robin
D:4:      layout_loops_ring, serial_shops, shop, nicolae_stop_n_shop_1,
          nicolae_stop_n_shop_1, uniq_grinder
D:5:      minmay_inner_zag, layout_basic, minmay_temple_entry_junction_2,
          gup_sewer_entry_bowl, ebering_ghost_sewer_d, uniq_sigmund
D:6:      layout_basic, grunt_temple_overflow_order_and_chaos_1
D:7:      layout_cave_pods, lemuel_crystal_altar, uniq_duvessa, uniq_menkaure
D:8:      layout_loops_ring, nicolae_dithmenos_through_a_glass_darkly,
          serial_shops, nicolae_shop_hallway_plus, uniq_maggie, uniq_gastronok,
          uniq_maurice
D:9:      layout_basic, fedhas_altar_2, erik_lair_island, enter_bailey_4
D:10:     layout_loops_ring, vehumet_statue, minmay_shop_chei, minmay_puff
Temple:   nicolae_temple_ecumenical_triangle
Lair:1:   layout_hall_layers, wad_woods_road_01, nicolae_quartered_pool_medium
Lair:2:   layout_hall_layers, minmay_shoals_entry_beasts, serial_bayou_shore_a,
          uniq_sonja

Skill      XL: |  1  2  3  4  5  6  7  8  9 10 |
---------------+-------------------------------+-----
Conjurations   | 5 6 7 8 9 |  9.6
Spellcasting   | 3 4 5 7 8 |  8.6
Dodging        | 3 4 5 7 8 |  8.6
Stealth        | 2 3 |  3.0
Fighting       | 1 3 4 6 |  6.4
Hexes          | 1 2 3 |  3.0
Translocations | 1 2 4 |  4.0
Shields        | 3 |  3.7

Action                   |  1- 3 |  4- 6 |  7- 9 | 10-12 || total
-------------------------+-------+-------+-------+-------++-------
Melee: Unarmed           |     2 |     1 |       |       ||     3
       Dagger            |       |       |    29 |     3 ||    32
 Cast: Magic Dart        |    17 |     6 |    32 |     5 ||    60
       Searing Ray       |     5 |     4 |    28 |    11 ||    48
       Dazzling Flash    |       |       |     1 |       ||     1
       Fulminant Prism   |       |       |    15 |    16 ||    31
       Iskenderun's Myst |       |       |     3 |     1 ||     4
       Teleport Other    |       |       |       |     1 ||     1
Invok: Curse Item        |       |       |     2 |     1 ||     3
Evoke: Wand              |       |       |     6 |       ||     6
  Use: Potion            |     1 |     4 |     2 |       ||     7
       Scroll            |       |     4 |     5 |       ||     9
Armor: Robe              |     6 |     2 |    13 |       ||    21
       Troll leather arm |       |       |       |     2 ||     2
Dodge: Dodged            |     8 |    11 |    62 |    14 ||    95
Block: Buckler           |       |       |       |     4 ||     4
